 Dungeon Crawl Stone Soup version 0.32-a0-485-g70f7560b1c (webtiles) character file.

Game seed: 13157269981736171220

804 cforsyth the Trooper (level 7, -3/57 HPs)
             Began as a Coglin Gladiator on Feb 26, 2024.
             Was an Initiate of Hepliaklqana.
             Slain by Blork the orc
             ... wielding a +0 trident
              (9 damage)
             ... on level 4 of the Dungeon.
             The game lasted 00:06:55 (3481 turns).

cforsyth the Trooper (Coglin Gladiator)             Turns: 3481, Time: 00:06:56

Health: -3/57      AC:  0    Str: 16    XL:     7   Next: 91%
Magic:  7/7        EV: 15    Int:  7    God:    Hepliaklqana [......]
Gold:   219        SH:  0    Dex: 16    Spells: 6/6 levels left

rFire   . . .        v - melded +1 hammer "Pempobu" {elec, rF+}
rCold   . . .        E - melded +2 short sword (speed) {Lin}
rNeg    . . .        I - melded +0 plate armour
rPois   .            c - melded +0 helmet
rElec   .            t - melded +0 cloak
rCorr   .            B - melded +0 pair of gloves
SInv    .            (boots currently unavailable)
Will    .....        f - amulet of regeneration
Stlth   +            (ring currently unavailable)
HPRegen 1.09/turn    (ring currently unavailable)
MPRegen 0.10/turn

%: no passive effects
@: pig-form (expiring), very quick
A: fast, no casting, small, (off-hand wielding), (slow wielding), (warmup
strikes), (no rings)
a: Renounce Religion


You were on level 4 of the Dungeon.
You worshipped Hepliaklqana.
Hepliaklqana was noncommittal.
You were a filthy swine.
You visited 1 branch of the dungeon, and saw 5 of its levels.
You also visited: Sewer.

You collected 219 gold pieces.


Innate Abilities, Weirdness & Mutations

You are a filthy swine.
You move quickly.
Your equipment is almost entirely melded.
You are incapable of wielding weapons or throwing items.
You cannot cast spells.
((You can wield a second weapon in your off-hand.))
((It takes a long time for you to wield or remove held weapons.))
((Your first few attacks do less damage.))
((Your grasper-arms cannot wear rings.))


   Skills:
 + Level 5.9 Fighting
 - Level 4.2 Axes
 - Level 1.7 Throwing
 + Level 4.9 Armour
 - Level 2.6 Dodging


You had 6 spell levels left.
You didn't know any spells.
Your spell library contained the following spells:

 Spells                   Type           Power      Damage    Failure   Level
 Apportation              Tloc           0%         N/A       43%         1
 Necrotise                Necr           0%         1d4       43%         1
 Sting                    Conj/Alch      0%         1d3       43%         1
 Summon Small Mammal      Summ           0%         N/A       43%         1
 Summon Ice Beast         Ice/Summ       0%         N/A       80%         3
 Manifold Assault         Tloc           0%         N/A       99%         4
 Summon Mana Viper        Hex/Summ       0%         N/A       100%        5
 Dispersal                Tloc           0%         N/A       100%        6
 Monstrous Menagerie      Summ           0%         N/A       100%        7
 Disjunction              Tloc           0%         N/A       100%        8

Inventory:

Hand Weapons
 a - a +0 war axe {Nodoka}
 q - a +2 short sword of electrocution {Vesna}
 v - the +1 hammer "Pempobu" (melded) {elec, rF+}
   (You found it on level 2 of the Dungeon)

   rF+:       It protects you from fire.
 E - a +2 short sword of speed (melded) {Lin}
Missiles
 d - 3 throwing nets (quivered) {=f}
 e - 5 javelins
Armour
 b - a +0 leather armour
 c - a +0 helmet (melded)
 n - a +0 chain mail
 t - a +0 cloak (melded)
 B - a +0 pair of gloves (melded)
 H - a scarf of resistance
 I - a +0 plate armour (melded)
Magical Staves
 l - a staff of conjuration {!a}
 K - a staff of alchemy {!a}
Jewellery
 f - an amulet of regeneration (around neck)
 s - an amulet of faith {!P}
 w - an amulet of guardian spirit
Wands
 u - a wand of flame (16)
Scrolls
 g - 2 scrolls of noise {unknown}
 i - a scroll of fear {unknown}
 j - a scroll of identify {unknown}
 y - 6 scrolls of vulnerability {unknown}
 z - 2 scrolls of teleportation {unknown}
 D - a scroll of enchant weapon {unknown}
 F - a scroll of poison {unknown}
 G - a scroll of immolation {unknown}
 J - 3 scrolls of silence {unknown}
Potions
 h - 2 potions of curing {unknown}
 k - 2 potions of degeneration {unknown}
 m - 2 potions of brilliance {unknown}
 o - 7 potions of cancellation {unknown}
 p - 4 potions of might {unknown}
 r - a potion of mutation {unknown}
 x - a potion of experience {unknown}
 A - 2 potions of invisibility {unknown}
 C - a potion of magic {unknown}
 L - a potion of attraction {unknown}

Dungeon Overview and Level Annotations

Branches:
Dungeon (5/15)             Temple (0/1) D:4           Sewer (visited)

Altars:
Hepliaklqana
Makhleb

Annotations:
D:4 Blork the orc

#.###########......#
............)..>...#
#.#####.###.#......#
..# #.# #J#......#
#######.# #.#..[...#
#.......# #.#.....##
#.####### #.#.Jo###
.†.# ..##..####.#
)..# .# ####..h....#
.[.# .# ##.######
#)###.# #.# #)###.##
#.# .......#
###'##### .......#
#.......# .......#
#.......# .......#
#.......# .......#
#.......#


You could see Blork the orc (fast) and an endoplasm.


Message History

The magic dart hits you.
You hit Blork the orc but do no damage.
Blork the orc is heavily wounded.
Blork the orc hits you with a +0 trident!
* * * LOW HITPOINT WARNING * * *
Blork the orc barely misses you. Blork the orc misses you.
Blork the orc looks braver for a moment.
Your transformation is almost over.
Blork the orc gestures at you while chanting.
The puff of frost misses you.
Blork the orc gestures at you while chanting.
The puff of flame hits you!
* * * LOW HITPOINT WARNING * * *
Blork the orc hits you from afar with a +0 trident!
* * * LOW HITPOINT WARNING * * *
Blork the orc closely misses you.
You hit Blork the orc.
Blork the orc is heavily wounded.
Blork the orc barely misses you.
You closely miss Blork the orc.
Blork the orc is heavily wounded.
Blork the orc hits you with a +0 trident.
* * * LOW HITPOINT WARNING * * *
The endoplasm freezes you.
You are frozen.
* * * LOW HITPOINT WARNING * * *
Blork the orc hits you from afar with a +0 trident!
You die...
Hepliaklqana delivers you to your ancestors.

Skill      XL: |  1  2  3  4  5  6 |
---------------+-------------------+-----
Armour         | 1 2 4 |  4.9
Fighting       | 3 5 |  5.9
Axes           | 4 |  4.2
Throwing       | |  1.7
Dodging        | |  2.6

Action                     |  1- 3 |  4- 6 |  7- 9 || total
---------------------------+-------+-------+-------++-------
  Melee: War axe           |    45 |    23 |       ||    68
         Short sword       |    12 |   147 |    39 ||   198
         Mace              |       |   119 |    40 ||   159
         Unarmed           |       |       |     8 ||     8
    Use: Scroll            |       |     1 |       ||     1
 Armour: Leather armour    |    13 |       |       ||    13
         Chain mail        |    17 |   127 |       ||   144
         Plate armour      |       |    14 |    40 ||    54
         Skin              |       |       |     9 ||     9
  Dodge: Dodged            |    26 |    75 |    25 ||   126

Levels and vault maps discovered:
D:1:      scummos_arrival_simple_fountains, layout_rooms
D:2:      layout_rooms, st_stairs_1, minmay_quantized, uniq_robin,
          uniq_crazy_yiuf_cottage
D:3:      layout_loops_ring, worldfamousw_hep_ancestral_shrine,
          portal_sewer_entry_d, minivault_24
D:4:      layout_basic, makhleb_heckhound_becter, temple_green, uniq_menkaure,
          uniq_blork_the_orc, uniq_edmund
D:5:      corexii_shantytown, layout_basic

Notes
Turn   | Place    | Note
-------+----------+-------------------------------------------
     0 | D:1      | cforsyth the Coglin Gladiator began the quest for the Orb.
     0 | D:1      | Reached XP level 1. HP: 16/16 MP: 1/1
   156 | D:1      | Reached XP level 2. HP: 22/22 MP: 2/2
   587 | D:2      | Reached skill level 1 in Armour
   592 | D:2      | Reached XP level 3. HP: 28/28 MP: 3/3
   683 | D:2      | Noticed a phantom
   688 | D:2      | Killed a phantom
   689 | D:2      | Reached skill level 3 in Fighting
   689 | D:2      | Reached skill level 4 in Axes
   689 | D:2      | Reached skill level 2 in Armour
   689 | D:2      | Reached XP level 4. HP: 31/35 MP: 4/4
   787 | D:2      | Reached XP level 5. HP: 41/41 MP: 5/5
   809 | D:2      | Noticed Robin
   843 | D:2      | Killed Robin
   998 | D:2      | Found a runed translucent door.
   999 | D:2      | Noticed Crazy Yiuf
  1181 | D:2      | Killed Crazy Yiuf
  1192 | D:2      | Identified the +1 hammer "Pempobu" {elec, rF+}
  1348 | D:3      | Found a glowing drain.
  1359 | Sewer    | Entered a sewer
  1435 | Sewer    | Reached XP level 6. HP: 44/48 MP: 6/6
  1514 | Sewer    | Reached skill level 4 in Fighting
  1521 | Sewer    | Reached skill level 3 in Armour
  2180 | D:3      | Identified the +0 ring mail "Ramapn" {Fly rC+ MP+9 Str-5
                  | Dex+4}
  2206 | D:3      | Identified a scarf of resistance
  2364 | D:3      | Found a hazy altar of Hepliaklqana.
  2659 | D:3      | Became a worshipper of Hepliaklqana the Forgotten
  2840 | D:4      | Found a staircase to the Ecumenical Temple.
  2867 | D:4      | Found a burning altar of Makhleb.
  3156 | D:4      | Noticed Menkaure
  3164 | D:4      | Killed Menkaure
  3165 | D:4      | Reached skill level 5 in Fighting
  3165 | D:4      | Reached skill level 4 in Armour
  3165 | D:4      | Reached XP level 7. HP: 19/56 MP: 7/7
  3315 | D:4      | Noticed Edmund
  3328 | D:4      | Killed Edmund
  3417 | D:4      | Noticed Blork the orc
  3440 | D:5      | Entered Level 5 of the Dungeon
  3480 | D:4      | HP: 5/57 [frozen (5)]
  3481 | D:4      | Slain by Blork the orc

Vanquished Creatures
  Menkaure (D:4)
  Edmund (D:4)
  2 phantoms
  2 hounds (D:4)
  Crazy Yiuf (D:2)
  A sleepcap (D:4)
  Robin (D:2)
  3 gnolls (D:4)
  11 adders
  5 river rats (Sewer)
  A ribbon worm (D:2)
  A dart slug (D:3)
  2 orcs
  4 endoplasms
  4 giant cockroaches
  17 goblins
  11 hobgoblins
  23 kobolds
  A quokka (D:3)
  15 ball pythons
  3 bats
  2 frilled lizards
  29 rats
141 creatures vanquished.

Table legend: (Time is in decaauts)
 A = Elapsed time spent in this place.
 B = Non-inter-level travel time spent in this place.
 C = Inter-level travel time spent in this place.
 D = Time resting spent in this place.
 E = Time spent auto-exploring this place.
 F = Levels seen in this place.
 G = Mean time per level.
                   A        B        C        D        E       F      G
               +--------+--------+--------+--------+--------+-----+--------+
         Total |   3531 |   3361 |    170 |      0 |   2447 |   6 |  588.5 |
       Dungeon |   2933 |   2763 |    170 |      0 |   2089 |   5 |  586.6 |
         Sewer |    597 |    597 |      0 |      0 |    358 |   1 |  597.0 |
               +--------+--------+--------+--------+--------+-----+--------+

Top non-repeatable levels by time:
     D:3: 1028 daAuts
     D:2: 834 daAuts
     D:4: 627 daAuts
   Sewer: 597 daAuts
     D:1: 429 daAuts
     D:5: 13 daAuts

Table legend:
 A = Non-vault XP
 B = Vault XP
 C = Vault XP percentage of total XP
 D = Non-vault monster count
 E = Vault monster count
 F = Vault count percentage of total count
                 A         B        C        D         E       F
            +---------+---------+-------+---------+---------+-------
      Total |     509 |     640 |  55.7 |      63 |      78 |  55.3
            +---------+---------+-------+---------+---------+-------
        D:1 |      19 |       0 |   0.0 |      11 |       0 |   0.0
        D:2 |     143 |     100 |  41.2 |      16 |      21 |  56.8
        D:3 |      72 |      13 |  15.3 |      21 |       1 |   4.5
        D:4 |     272 |     376 |  58.0 |      14 |       3 |  17.6
        D:5 |       3 |       0 |   0.0 |       1 |       0 |   0.0
      Sewer |       0 |     151 | 100.0 |       0 |      53 | 100.0
            +---------+---------+-------+---------+---------+-------
